 Seeded DCSS version 0.25-a0-566-g062765b (webtiles) character file.

Game seed: 8324011069799046347, levelgen mode: deterministic

21 Ayyar the Charlatan (level 2, -1/21 HPs)
             Began as a Vampire Artificer on Feb 15, 2020.
             Slain by a gnoll (6 damage)
             ... on level 1 of the Dungeon on Feb 27, 2020.
             The game lasted 00:04:35 (312 turns).

Ayyar the Charlatan (Vampire Artificer)              Turns: 312, Time: 00:04:36

Health: -1/21      AC:  3    Str: 11    XL:     2   Next: 65%
Magic:  4/4        EV: 12    Int: 13    God:
Gold:   10         SH:  0    Dex: 14    Spells: 1/1 levels left

rFire    . . .     SeeInvis +   a - +0 short sword
rCold    . . .     Gourm    .   (no shield)
rNeg     . . .     Faith    .   b - +0 leather armour
rPois    .         Spirit   .   (no helmet)
rElec    .         Reflect  .   (no cloak)
rCorr    .         Harm     .   (no gloves)
MR       .....                  (no boots)
Stlth    ++........             (no amulet)
HPRegen  0.27/turn              (no ring)
MPRegen  0.09/turn              (no ring)

@: regenerating quickly
A: no food, fangs 3, see invisible, unbreathing
a: Exsanguinate


You were on level 1 of the Dungeon.
You were alive.

You visited 1 branch of the dungeon, and saw 1 of its levels.

You collected 10 gold pieces.

Inventory:

Hand Weapons
 a - a +0 short sword (weapon)
Armour
 b - a +0 leather armour (worn)
Wands
 c - a wand of flame (12)
 d - a wand of enslavement (14)
 e - a wand of random effects (15)
Scrolls
 f - a scroll of immolation {unknown}
 g - a scroll of magic mapping {unknown}
 h - a scroll of fog {unknown}
 j - 2 scrolls of enchant weapon {unknown}
 k - a scroll of teleportation {unknown}
Potions
 i - a potion of stabbing {unknown}


   Skills:
 + Level 1.3 Fighting
 + Level 1.6 Short Blades
 + Level 2.5 Dodging
 + Level 2.3 Stealth
 + Level 2.9 Evocations


You had one spell level left.
You didn't know any spells.
Your spell library was empty.

Dungeon Overview and Level Annotations

Branches:
Dungeon (1/15)

Altars:


Innate Abilities, Weirdness & Mutations

You do not eat.
Your natural rate of healing is unusually fast.
You have razor-sharp teeth.
You have supernaturally acute eyesight. (SInv)
You can survive without breathing.


Message History

Evoke which item? (* to show all) (? for menu, Esc to quit)
That's the wrong kind of item! (Use * to select it.) Evoke which item? (* to show all) (? for menu, Esc to quit)
You don't have any such object.
Evoke which item? (* to show all) (? for menu, Esc to quit)
Aiming: Throw Flame
Press: ? - help, Shift-Dir - straight line, f - gnoll
Aim: a gnoll (lightly wounded)
The puff of flame hits the gnoll.
The gnoll is moderately wounded.
The gnoll hits you.
* * * LOW HITPOINT WARNING * * *
Evoke which item? (* to show all) (? for menu, Esc to quit)
Aiming: Throw Flame
Press: ? - help, Shift-Dir - straight line, f/p - gnoll
Aim: a gnoll (moderately wounded)
The puff of flame hits the gnoll.
The gnoll is almost dead.
The gnoll hits you.
You die...

#.# #..#....#........##.#...
#.####.##....#......#..[.####
#.##......##.#.#.##.......##.
#.##......##...#........#....
#.##......##.......##........
#.##......#..#..##...........
#.##........##..###..........
####.##......####......#........
##..............@gg..# ..#
#.............####.#.# .
..............# .#
............### .# ...........##
.. #..........# .. ##...#.....#
... #######.### .## #.#


You could see a gnoll and a hobgoblin.

Vanquished Creatures
  6 bats (D:1)
  3 goblins (D:1)
  A hobgoblin (D:1)
  2 jackals (D:1)
  4 kobolds (D:1)
  A frilled lizard (D:1)
17 creatures vanquished.

Notes
Turn   | Place    | Note
-------+----------+-------------------------------------------
     0 | D:1      | Ayyar the Vampire Artificer began the quest for the Orb.
     0 | D:1      | Reached XP level 1. HP: 14/14 MP: 2/2
     0 | D:1      | Upgraded the game from 0.25-a0-510-ge065f6d to
                  | 0.25-a0-566-g062765b
    27 | D:1      | Reached skill level 1 in Fighting
    91 | D:1      | Reached XP level 2. HP: 16/21 MP: 4/4
   312 | D:1      | Slain by a gnoll

Levels and vault maps discovered:
D:1:      wander_arrival_chamber, layout_rooms, hangedman_decor_points

Skill      XL: |  1 |
---------------+----+-----
Fighting       | 1 |  1.3
Stealth        | 2 |  2.3
Short Blades   | |  1.6
Dodging        | |  2.5
Evocations     | |  2.9

Action                   || total
-------------------------++-------
Melee: Short sword       ||    49
       Bite              ||     2
Evoke: Wand              ||     4
Armor: Leather armour    ||    16
Dodge: Dodged            ||    56

Table legend:
 A = Non-vault XP
 B = Vault XP
 C = Vault XP percentage of total XP
 D = Non-vault monster count
 E = Vault monster count
 F = Vault count percentage of total count
                 A         B        C        D         E       F
            +---------+---------+-------+---------+---------+-------
      Total |      31 |       0 |   0.0 |      17 |       0 |   0.0
            +---------+---------+-------+---------+---------+-------
        D:1 |      31 |       0 |   0.0 |      17 |       0 |   0.0
            +---------+---------+-------+---------+---------+-------
